 Dungeon Crawl Stone Soup version 0.31-a0-771-g505c3d19dc (webtiles) character file.

Game seed: 14293173890226439466

3056 cforsyth the Fighter (level 10, -4/72 HPs)
             Began as a Djinni Delver on Sept 16, 2023.
             Was a Priest of Hepliaklqana.
             Slain by Grum
             ... wielding a +1 spear
              (14 damage)
             ... on level 9 of the Dungeon.
             The game lasted 00:16:06 (9751 turns).

cforsyth the Fighter (Djinni Delver)                Turns: 9751, Time: 00:16:07

Health: -4/72      AC:  4    Str: 11    XL:     10   Next: 11%
Gold:   480        EV: 12    Int: 16    God:    Hepliaklqana [***...] SH:  0 Dex: 15

rFire   + + .        y - +2 short sword (venom)
rCold   x . .        (no shield)
rNeg    . . .        h - +0 leather armour
rPois   ∞            (no helmet)
rElec   .            (no cloak)
rCorr   .            u - +0 pair of gloves
SInv    .            (boots unavailable)
Will    +....        (no amulet)
Stlth   ++           (no ring)
HPRegen 0.32/turn    (no ring)
MPRegen 0.00/turn

%: infuse magic (-5 HP)
@: flying, very slightly contaminated
A: reduced essence, sickness immunity, fire resistance 2, cold vulnerability 1,
float, innate caster, HP casting, extra vitality 1
a: Renounce Religion, Recall Ancestor, Ancestor Identity, Transference


You were on level 9 of the Dungeon.
You worshipped Hepliaklqana.
Hepliaklqana was most pleased with you.
You visited 2 branches of the dungeon, and saw 10 of its levels.

You collected 480 gold pieces.

Inventory:

Hand Weapons
 a - a +0 falchion
 b - the +2 sling of Ybubygh {heavy, rElec rF+ Stlth+}
   (You found it on level 5 of the Dungeon)

   rF+:       It protects you from fire.
   rElec:     It insulates you from electricity.
   Stlth+:    It makes you more stealthy.
 e - a +4 flail
 y - a +2 short sword of venom (weapon)
Missiles
 w - a throwing net
Armour
 h - a +0 leather armour (worn)
 u - a +0 pair of gloves (worn)
Jewellery
 F - a +5 ring of evasion
Wands
 g - a wand of digging (3)
 n - a wand of paralysis (17)
 q - a wand of iceblast (10)
 B - a wand of polymorph (11)
Scrolls
 c - 2 scrolls of fog
 d - 3 scrolls of revelation
 i - 18 scrolls of identify {unknown}
 j - 2 scrolls of teleportation {unknown}
 m - a scroll of poison {unknown}
 o - 2 scrolls of torment {unknown}
 p - a scroll of enchant armour {unknown}
 r - a scroll of enchant weapon {unknown}
 s - a scroll of amnesia {unknown}
 E - a scroll of vulnerability {unknown}
Potions
 f - 3 potions of haste
 k - a potion of lignification {unknown}
 l - 4 potions of might {unknown}
 t - a potion of heal wounds {unknown}
 v - a potion of enlightenment {unknown}
 x - a potion of degeneration {unknown}
 z - a potion of resistance {unknown}
 A - a potion of brilliance {unknown}
 C - a potion of attraction {unknown}
 D - a potion of cancellation {unknown}
 G - a potion of mutation {unknown}


   Skills:
 + Level 10.0 Fighting
 - Level 1.7 Long Blades
 - Level 2.1 Dodging
 - Level 4.1 Stealth
 + Level 7.0 Spellcasting
 + Level 7.0 Conjurations
 + Level 7.0 Hexes
   Level 0.0 Charms
 + Level 7.0 Summonings
 + Level 7.0 Necromancy
 + Level 7.0 Translocations
 + Level 7.0 Transmutations
 + Level 7.0 Fire Magic
 + Level 7.0 Ice Magic
 + Level 7.0 Air Magic
 + Level 7.0 Earth Magic
 + Level 7.0 Poison Magic


You knew the following spells:

 Your Spells              Type           Power      Damage    Failure   Level
a - Shock                 Conj/Air       100%       1d9       1%          1
b - Call Imp              Summ           56%        N/A       1%          2
c - Swiftness             Air            28%        N/A       2%          3
d - Summon Lightning Spi  Summ/Air       28%        N/A       9%          4
Your spell library was empty.

Dungeon Overview and Level Annotations

Branches:
Dungeon (9/15)             Temple (1/1) D:5            Lair (0/5) D:8
    Orc: D:9-12

Altars:
Ashenzari
Cheibriados
Dithmenos
Elyvilon
Fedhas
Gozag
Hepliaklqana
Makhleb
Nemelex Xobeh
Okawaru
Qazlal
Ru
Uskayaw
Wu Jian
Xom
Yredelemnul
Zin
The Shining One

Annotations:
D:4 3 runed translucent doors, Splishie's ghost, novice GnSh
D:9 Grum; Maggie


Innate Abilities, Weirdness & Mutations

Your life essence is reduced to manifest your ancestor. (-10% HP)
You are immune to sickness and miasma.
You are immune to poison.
Your flesh is very heat resistant. (rF++)
You are vulnerable to cold. (rC-)
You float through the air rather than walking.
You learn spells naturally, not from books.
Your magical power is your life essence.
You have superior vitality. (+4 MHP)


Message History

Your cerulean imp barely misses the wolf.
Casting: Summon Lightning Spire (dangerous; 9% risk of failure)
Confirm with . or Enter, or press ? or * to list all spells.
A tiny devil pulls itself out of the air.
Your cerulean imp disappears in a puff of smoke!
The wolf bites you but does no damage. The wolf barely misses you. x2
Your cerulean imp completely misses the wolf.
The wolf bites you! The wolf attacks as it pursues you!
The wolf closely misses you. Grum barely misses you. The wolf bites you!
The wolf closely misses you.
Your cerulean imp closely misses the wolf.
The wolf bites your cerulean imp.
The wolf closely misses your cerulean imp.
The wolf barely misses your cerulean imp.
Your cerulean imp closely misses the wolf.
The wolf bites your cerulean imp.
The wolf barely misses your cerulean imp.
The wolf bites your cerulean imp!
Your cerulean imp dies!
Your cerulean imp disappears in a puff of smoke!
Casting: Call Imp (safe; 1% risk of failure)
Confirm with . or Enter, or press ? or * to list all spells.
You miscast Summon Lightning Spire.
You are very lightly contaminated with residual magic.
Desperate hands claw out at you.
A nameless horror comes into view.
Grum hits you from afar with a +1 spear!
The wolf bites you.
The nameless horror hits you but does no damage.
The wolf attacks as it pursues you! The wolf bites you! x2
The wolf attacks as it pursues you! The wolf bites you.
* * * LOW HITPOINT WARNING * * *
Grum attacks as he pursues you! Grum closely misses you.
The wolf barely misses you. The wolf bites you!
* * * LOW HITPOINT WARNING * * *
The wolf attacks as it pursues you! The wolf bites you.
* * * LOW HITPOINT WARNING * * *
Grum attacks as he pursues you!
Grum hits you from afar with a +1 spear!
You die...

###########
#.........### #
#...........# +.##
#.........#.####
#...##X........#.....
#.@hh.......>######
####g........#
#....†....# #
#.........# .
######.#### .## #.#
.. #.# ######.## #.#
........#


You could see a nameless horror, Grum and 2 wolves.

Vanquished Creatures
  An ogre (D:5)
  A centaur (D:8)
  A phantom (D:5)
  A gnoll sergeant (D:6)
  3 bullfrogs
  2 scorpions
  An orc priest (D:7)
  A jelly (D:8)
  A hound (D:4)
  2 iguanas (D:4)
  A sleepcap (D:5)
  4 orc wizards
  2 gnolls
  6 adders
  A white imp (D:8)
  A worm (D:2)
  9 orcs
  12 bats
  5 endoplasms
  2 giant cockroaches
  8 goblins
  7 hobgoblins
  8 jackals
  4 quokkas
  3 ball pythons
  A frilled lizard (D:3)
  9 kobolds
  4 rats
101 creatures vanquished.

Vanquished Creatures (collateral kills)
  Joseph (D:7)
  A wyvern (D:7)
  A water moccasin (D:7)
  An orc warrior (D:7)
  A black bear (D:4)
  4 ogres
  A wolf (D:9)
  A centaur (D:6)
  A bullfrog (D:7)
  2 kobold brigands
  4 wights (D:7)
  3 jellies
  2 hounds
  2 orc priests
  2 iguanas
  3 orc wizards (D:7)
  A gnoll (D:6)
  7 orcs
  A giant cockroach (D:4)
  A hobgoblin (D:4)
  2 jackals (D:4)
  A ball python (D:4)
  5 kobolds
48 creatures vanquished.

Vanquished Creatures (others)
  A knight (D:9)
  3 ancestors (D:6)
4 creatures vanquished.

Grand Total: 153 creatures vanquished

Notes
Turn   | Place    | Note
-------+----------+-------------------------------------------
     0 | D:5      | cforsyth the Djinni Delver began the quest for the Orb.
     0 | D:5      | Reached XP level 1. HP: 20/20 MP: 0/0
     1 | D:5      | Found a staircase to the Ecumenical Temple.
     1 | D:5      | Identified the +2 sling of Ybubygh {heavy, rElec rF+
                  | Stlth+}
    10 | D:5      | Noticed an ogre
    12 | Temple   | Entered the Ecumenical Temple
    42 | D:5      | Found a basalt altar of Yredelemnul.
    49 | D:5      | Reached XP level 2. HP: 16/25 MP: 0/0
    89 | D:5      | Noticed an ogre
   112 | D:5      | Killed an ogre
   113 | D:5      | Reached skill level 4 in Fighting
   113 | D:5      | Reached XP level 3. HP: 31/31 MP: 0/0
   113 | D:5      | Learned a level 1 spell: Shock
   113 | D:5      | Reached XP level 4. HP: 37/37 MP: 0/0
   195 | D:5      | Reached XP level 5. HP: 20/42 MP: 0/0
   195 | D:5      | Learned a level 2 spell: Call Imp
   296 | D:5      | Identified the +0 robe "Qigiotu" {rC+ Dex+5}
   530 | D:5      | Killed an ogre
   531 | D:5      | Reached skill level 5 in Fighting
   531 | D:5      | Reached XP level 6. HP: 40/49 MP: 0/0
   835 | D:5      | Reached XP level 7. HP: 32/54 MP: 0/0
   835 | D:5      | Learned a level 3 spell: Swiftness
  1630 | D:4      | Reached skill level 6 in Fighting
  1866 | D:4      | Reached XP level 8. HP: 47/62 MP: 0/0
  2453 | D:4      | Found a sacrificial altar of Ru.
  3097 | D:4      | Found a runed translucent gate.
  3097 | D:4      | Found an opulent altar of Gozag.
  3097 | D:4      | Found a runed translucent gate.
  3098 | D:4      | Found a runed translucent gate.
  3100 | D:4      | Noticed Splishie's ghost (novice GnSh)
  3568 | D:3      | Reached skill level 7 in Fighting
  3668 | D:3      | Found a hazy altar of Hepliaklqana.
  4120 | D:3      | Became a worshipper of Hepliaklqana the Forgotten
  5060 | D:1      | Found a faded altar of an unknown god.
  5540 | D:6      | Reached * piety under Hepliaklqana
  5992 | D:6      | Found an opulent altar of Gozag.
  6035 | D:6      | Found a burning altar of Makhleb.
  6212 | D:6      | Reached skill level 5 in Spellcasting
  6212 | D:6      | Reached skill level 5 in Conjurations
  6212 | D:6      | Reached skill level 5 in Hexes
  6212 | D:6      | Reached skill level 5 in Summonings
  6212 | D:6      | Reached skill level 5 in Necromancy
  6212 | D:6      | Reached skill level 5 in Translocations
  6212 | D:6      | Reached skill level 5 in Transmutations
  6212 | D:6      | Reached skill level 5 in Fire Magic
  6212 | D:6      | Reached skill level 5 in Ice Magic
  6212 | D:6      | Reached skill level 5 in Air Magic
  6212 | D:6      | Reached skill level 5 in Earth Magic
  6212 | D:6      | Reached skill level 5 in Poison Magic
  6983 | D:6      | Reached skill level 8 in Fighting
  6983 | D:6      | Reached XP level 9. HP: 30/63 MP: 0/0
  6983 | D:6      | Learned a level 4 spell: Summon Lightning Spire
  7304 | D:7      | Reached ** piety under Hepliaklqana
  7306 | D:7      | Remembered your ancestor Ku-aya as a knight
  7326 | D:7      | Noticed Joseph
  7358 | D:7      | Killed Joseph
  8046 | D:7      | Reached skill level 9 in Fighting
  8396 | D:7      | Reached XP level 10. HP: 26/71 MP: 0/0
  8702 | D:7      | Found a white marble altar of Elyvilon.
  8779 | D:7      | Found a hide-covered altar of Uskayaw.
  8994 | D:8      | Found a blossoming altar of Fedhas.
  9250 | D:8      | Found a staircase to the Lair.
  9673 | D:9      | Noticed Maggie
  9673 | D:9      | Reached *** piety under Hepliaklqana
  9731 | D:9      | Noticed Grum
  9740 | D:9      | Reached skill level 10 in Fighting
  9751 | D:9      | Slain by Grum

Illustrated notes

Levels and vault maps discovered:
D:1:      roderic_octagonal_star, layout_rooms, chequers_ecumenical_altar_island
D:2:      layout_rooms, kennysheep_generic_room_11
D:3:      layout_basic, lemuel_crystal_altar
D:4:      layout_loops_corners, mainiacjoe_overflow_six_doors_small,
          ebering_ghost_gozag
D:5:      layout_basic, mainiacjoe_overflow_chevrons,
          minmay_temple_entry_statues, serial_aquarium, aquarium_bridge_square
          [aquarium_subvault_bridge, aquarium_subvault_bridge,
          aquarium_subvault_bridge, aquarium_subvault_balcony],
          aquarium_window_corridor_3, aquarium_window_corner, aquarium_window_1,
          aquarium_view_2e, aquarium_view_2e, aquarium_pool_1
D:6:      cheibrodos_quashed, layout_cave_pods,
          mainiacjoe_overflow_catwalk_spiral
D:7:      layout_cave_pools, general_overflow_altar,
          eat_drink_and_be_merry_uskayaw, uniq_joseph
D:8:      layout_loops_ring, fedhas_altar_1, lair_entry_dummy,
          patterned_corridor
D:9:      layout_roguey, lightli_temple_of_fire, orc_0_dummy, uniq_maggie,
          uniq_harold, uniq_grum, uniq_erolcha, uniq_prince_ribbit1
Temple:   nicolae_temple_bog_church

Skill      XL: |  1  2  3  4  5  6  7  8  9 10 |
---------------+-------------------------------+-----
Fighting       | 4 5 6 8 9 10 | 10.0
Spellcasting   | 2 3 4 5 6 7 |  7.0
Conjurations   | 2 3 4 5 6 7 |  7.0
Hexes          | 2 3 4 5 6 7 |  7.0
Summonings     | 2 3 4 5 6 7 |  7.0
Necromancy     | 2 3 4 5 6 7 |  7.0
Translocations | 2 3 4 5 6 7 |  7.0
Transmutations | 2 3 4 5 6 7 |  7.0
Fire Magic     | 2 3 4 5 6 7 |  7.0
Ice Magic      | 2 3 4 5 6 7 |  7.0
Air Magic      | 2 3 4 5 6 7 |  7.0
Earth Magic    | 2 3 4 5 6 7 |  7.0
Poison Magic   | 2 3 4 5 6 7 |  7.0
Long Blades    | |  1.7
Dodging        | |  2.1
Stealth        | |  4.1

Action                     |  1- 3 |  4- 6 |  7- 9 | 10-12 || total
---------------------------+-------+-------+-------+-------++-------
  Melee: Falchion          |     2 |    47 |   170 |       ||   219
         Punch             |       |     1 |     1 |     1 ||     3
         Short sword       |       |       |    94 |    23 ||   117
   Fire: Sling             |    15 |     1 |       |       ||    16
   Cast: Shock             |       |    24 |    64 |       ||    88
         Call Imp          |       |     7 |    58 |     4 ||    69
         Summon Lightning  |       |       |     5 |     1 ||     6
 Invoke: Recall Ancestor   |       |       |     4 |       ||     4
         Ancestor Life: Kn |       |       |     1 |       ||     1
    Use: Scroll            |       |       |     2 |       ||     2
   Stab: Sleeping          |       |       |    10 |       ||    10
         Distracted        |       |       |     1 |     1 ||     2
 Armour: Leather armour    |     6 |    27 |   224 |    31 ||   288
  Dodge: Dodged            |     4 |    28 |   250 |    26 ||   308

Table legend: (Time is in decaauts)
 A = Elapsed time spent in this place.
 B = Non-inter-level travel time spent in this place.
 C = Inter-level travel time spent in this place.
 D = Time resting spent in this place.
 E = Time spent auto-exploring this place.
 F = Levels seen in this place.
 G = Mean time per level.
                   A        B        C        D        E       F      G
               +--------+--------+--------+--------+--------+-----+--------+
         Total |   9814 |   9362 |    452 |    640 |   7067 |  10 |  981.4 |
       Dungeon |   9812 |   9360 |    452 |    640 |   7067 |   9 | 1090.2 |
        Temple |      1 |      1 |      0 |      0 |      0 |   1 |    1.0 |
               +--------+--------+--------+--------+--------+-----+--------+

Top non-repeatable levels by time:
     D:4: 2051 daAuts
     D:5: 1983 daAuts
     D:6: 1850 daAuts
     D:7: 1046 daAuts
     D:8: 871 daAuts
     D:3: 728 daAuts
     D:2: 701 daAuts
     D:1: 521 daAuts
     D:9: 56 daAuts
  Temple: 1 daAuts
